 Seeded DCSS version 0.29.1-1-gd02db6906a (webtiles) character file.

Game seed: 20221014 (custom seed)

4 jessy the Ruffian (level 1, -1/22 HPs)
             Began as a Troll Berserker on Oct 14, 2022.
             Was a Follower of Trog.
             Slain by a quokka (3 damage)
             ... on level 1 of the Dungeon.
             The game lasted 00:01:05 (209 turns).

jessy the Ruffian (Troll Berserker)                  Turns: 209, Time: 00:01:07

Health: -1/22      AC:  4    Str: 24    XL:     1   Next: 50%
Magic:  0/0        EV: 10    Int:  3    God:    Trog [*.....]
Gold:   22         SH:  0    Dex:  9    Spells: 0/0 levels left

rFire   . . .      SeeInvis .   g - +0 club
rCold   . . .      Faith    .   (no shield)
rNeg    . . .      Spirit   .   a - +0 animal skin
rPois   .          Reflect  .   (helmet restricted)
rElec   .          Harm     .   (no cloak)
rCorr   .          Rampage  .   (gloves unavailable)
Will    .....                   (boots unavailable)
Stlth   +.........              (no amulet)
HPRegen 0.87/turn               (no ring)
MPRegen 0.07/turn               (no ring)

@: no status effects
A: large, unfitting armour, claws 3, regeneration 1, shaggy fur 1, tough skin 1
a: Renounce Religion, Berserk


You were on level 1 of the Dungeon.
You worshipped Trog.
Trog was aware of your devotion.
You visited 1 branch of the dungeon, and saw 1 of its levels.

You collected 22 gold pieces.

Inventory:

Hand Weapons
 e - a +0 dagger
 g - a +0 club (weapon)
Armour
 a - a +0 animal skin (worn)
 c - a +0 ring mail
Scrolls
 b - a scroll of blinking {unknown}
Potions
 d - a potion of heal wounds {unknown}
 f - 2 potions of degeneration {unknown}


   Skills:
 + Level 2.5 Fighting
 + Level 2.4 Dodging
 + Level 3.0 Unarmed Combat


You couldn't memorise any spells.
You didn't know any spells.
Your spell library was empty.

Dungeon Overview and Level Annotations

Branches:
Dungeon (1/15)

Altars:


Innate Abilities, Weirdness & Mutations

You are too large for most types of armour.
You have claws for hands.
Your natural rate of healing is unusually fast.
You are covered in fur. (AC +1)
You have tough skin. (AC +1)


Message History

You closely miss the jackal.
The jackal is severely wounded.
The quokka closely misses you. The jackal bites you.
* * * LOW HITPOINT WARNING * * *
The kobold hits you but does no damage. The quokka bites you.
* * * LOW HITPOINT WARNING * * *
The jackal bites you but does no damage.
You barely miss the jackal.
The jackal is severely wounded.
The jackal closely misses you. The kobold hits you but does no damage.
The quokka barely misses you.
The jackal bites you but does no damage.
The kobold hits you but does no damage. The quokka bites you.
* * * LOW HITPOINT WARNING * * *
Unknown command.
The jackal bites you but does no damage.
The kobold hits you but does no damage.
The jackal bites you but does no damage.
The kobold hits you with a +0 dagger.
* * * LOW HITPOINT WARNING * * *
The kobold attacks as you move away! The kobold closely misses you.
The jackal attacks as you move away!
The jackal bites you but does no damage.
The jackal barely misses you. The kobold hits you with a +0 dagger.
* * * LOW HITPOINT WARNING * * *
The jackal bites you but does no damage.
The kobold barely misses you.
The quokka bites you but does no damage.
The jackal bites you but does no damage.
You closely miss the quokka. The jackal closely misses you.
The quokka barely misses you.
The jackal bites you but does no damage.
You hit the quokka but do no damage.
The jackal bites you but does no damage.
The quokka bites you.
* * * LOW HITPOINT WARNING * * *
The kobold hits you but does no damage.
The jackal bites you but does no damage.
The quokka bites you.
You die...

. # .... #####
...... ....# . ...
....# #. ..
....#..... #..#.##
......#..###..#..#
........[.##.....##
##..............@.##
##.............Krh.#
.#.................#
.#.................#
........†..........#
##.................#
##.................#
.........)........##
..##..............#


You could see a quokka, a jackal and a kobold.

Vanquished Creatures
  A hobgoblin (D:1)
  A quokka (D:1)
  A goblin (D:1)
  A rat (D:1)
4 creatures vanquished.

Vanquished Creatures (others)
  2 fungi (D:1)
2 creatures vanquished.

Grand Total: 6 creatures vanquished

Notes
Turn   | Place    | Note
-------+----------+-------------------------------------------
     0 | D:1      | jessy the Troll Berserker began the quest for the Orb.
     0 | D:1      | Reached XP level 1. HP: 22/22 MP: 0/0
   209 | D:1      | Slain by a quokka

Illustrated notes

Levels and vault maps discovered:
D:1:      scummos_arrival_checkerplants, layout_rooms

Action                   || total
-------------------------++-------
Melee: Club              ||    19
       Unarmed           ||    16
Armor: Animal skin       ||    38
Dodge: Dodged            ||    40
